[Event "Early-Titled-Tuesday-Blitz-June-18-2024"]
[Site "Chess.com"]
[Date "2024.06.18"]
[Round "4"]
[White "sirinbaba33"]
[Black "Smiechu"]
[Result "1/2-1/2"]
[WhiteElo "2213"]
[BlackElo "2351"]
[TimeControl "180+1"]
[EndTime "8:42:41 PDT"]
[Termination "Game drawn by repetition"]

1. e4 c5 2. Nf3 g6 3. d4 cxd4 4. Nxd4 Nc6 5. c4 Nf6 6. Nc3 Nxd4 7. Qxd4 d6 8. Be3 Bg7 9. Rd1 O-O 10. Qd2 Ng4 11. Bf4 Be6 12. f3 Nf6 13. b3 Qa5 14. Nd5 Qxd2+ 15. Rxd2 Bxd5 16. cxd5 Rfc8 17. Bc4 Nd7 18. Be3 Bc3 19. Ke2 Bxd2 20. Kxd2 a6 21. Bd4 b5 22. Bd3 Nc5 23. Bc2 a5 24. a3 b4 25. a4 Rc7 26. h4 h5 27. Rb1 Rac8 28. Rb2 Nd7 29. Bd3 Ne5 30. Ba6 Ra8 31. Bxe5 Rxa6 32.
Bd4 Ra8 33. Be3 Rac8 34. Kd1 Rc3 35. Bd2 R3c7 36. Be3 e6 37. dxe6 fxe6 38. Bb6 Rc1+ 39. Kd2 R8c6 40. Bxa5 Rg1 41. Ke3 Rc3+ 42. Kf2 Rgc1 43.
Bxb4 R1c2+ 44. Rxc2 Rxc2+ 45. Kg3 d5 46. exd5 exd5 47.
a5 d4 48. Kf4 d3 49. Ke3 d2 50. Bxd2 Kf7 51. b4 Ke6 52. b5 Kd5 53. a6 Kc5 54.
a7 Ra2 55. Kf4 Kxb5 56. Be3 Kc6 57. g3 Kb7 58. Kg5 Ra6 59. Bd4 Kc7 60. f4 Kd7 61. f5 gxf5 62. Kxh5 Ke6 63. Kg5 Ra5 64. h5 Kf7 65. h6 Kg8 66. Kg6 Ra6+ 67. Bf6 Rxa7 68.
Kxf5 Kh7 69. Bg5 Ra5+ 70. Kg4 Kg6 71. Bf4 Ra4 72. Kh3 Rb4 73. Kg4 Ra4 74. Kf3 Rb4 75.
Ke3 Ra4 76. g4 Ra3+ 77. Ke4 Ra4+ 78. Kf3 Ra3+ 79. Ke4 Ra4+ 80. Ke5 Ra5+ 81. Ke6 Ra6+ 82. Kd5 Ra5+ 83. Ke4 Ra4+ 1/2-1/2

[Event "Early-Titled-Tuesday-Blitz-June-18-2024"]
[Site "Chess.com"]
[Date "2024.06.18"]
[Round "4"]
[White "sachiniranasinghe"]
[Black "szefru"]
[Result "0-1"]
[WhiteElo "1867"]
[BlackElo "2291"]
[TimeControl "180+1"]
[EndTime "8:42:43 PDT"]
[Termination "szefru won by checkmate"]

1. Nf3 d5 2. c4 Nf6 3. cxd5 Nxd5 4. Nc3 c6 5. g3 g6 6. Bg2 Bg7 7. O-O O-O 8. Nxd5 cxd5 9. d3 Nc6 10. d4 Bg4 11. h3 Bxf3 12. Bxf3 Nxd4 13. Bg2 e6 14. Bd2 Nc6 15. Rb1 Rc8 16. a3 Ne5 17. Bc3 Nc4 18. Bxg7 Kxg7 19. Re1 Qf6 20. e3 Nxb2 21. Qe2 Nc4 22.
Rxb7 a5 23. e4 dxe4 24. Bxe4 Nxa3 25. h4 h5 26. Bxg6 Qxg6 27. Qb2+ Qf6 28. Qxa3 Rc2 29. Qe3 a4 30. Rb5 Rfc8 31. Rg5+ Kf8 32. Rf1 R2c3 33. Qb6 Qe7 34. Rxh5 a3 35. Qa5 Rc2 36. Rh8+ Kg7 37. Rxc8 Rxc8 38. Ra1 a2 39. Qxa2 Qf6 40. Rb1 Rc3 41.
Qe2 Rf3 42. Rb4 Rf5 43. Rg4+ Kf8 44. Kg2 Qc3 45. Re4 Qc6 46. Kg1 Rc5 47. Qe1 Rc1 48.
Qxc1 Qxc1+ 49. Kh2 Qc2 50. Rf4 Kg7 51. Kg2 e5 52. Rg4+ Kf6 53. Rg5 Ke6 54. h5 Qe4+ 55.
Kg1 Qf3 56. h6 Qf6 57. Rh5 Qh8 58. g4 Kf6 59. f3 Kg6 60. Rxe5 Qxe5 61. Kg2 Kxh6 62.
Kf2 Qf4 63. Kg2 Kg5 64. Kf2 f5 65. Kg2 fxg4 66. Kf2 Qxf3+ 67. Kg1 Qe2 68. Kh1 g3 69. Kg1 Qf2+ 70. Kh1 Qh2# 0-1

[Event "Early-Titled-Tuesday-Blitz-June-18-2024"]
[Site "Chess.com"]
[Date "2024.06.18"]
[Round "4"]
[White "Zurability"]
[Black "Orest_Vovk"]
[Result "1-0"]
[WhiteElo "2790"]
[BlackElo "2563"]
[TimeControl "180+1"]
[EndTime "8:42:44 PDT"]
[Termination "Zurability won by resignation"]

1. e4 Nc6 2. Nf3 d5 3. exd5 Qxd5 4. Nc3 Qa5 5. h3 g5 6. Bc4 g4 7. hxg4 Bxg4 8. Bb5 O-O-O 9. Bxc6 bxc6 10. d3 Qf5 11.
Be3 Bxf3 12. Qxf3 Qxf3 13. gxf3 a6 14. Ke2 Bg7 15. Rag1 Bxc3 16. bxc3 Nf6 17. Bd4 e5 18. Be3 Nd5 19. c4 Nxe3 20. fxe3 Kd7 21. Kf2 Ke7 22.
Rh5 Ke6 23. Rgh1 Rb8 24. Ke2 Rb2 25. Kd2 Rxa2 26. Rh6+ f6 27. Rxh7 Rxh7 28. Rxh7 a5 29. Rxc7 Kd6 30. Rf7 Ke6 31. Ra7 a4 32. e4 a3 33. c5 Ra1 34. Rc7 a2 35. Rxc6+ Kd7 36. Ra6 Kc7 37. Kc3 Kb7 38. Ra5 Kc6 39. Kb2 Rf1 40. Kxa2 Rxf3 41. Kb3 f5 42. Kc4 Rf2 43. c3 fxe4 44. dxe4 Re2 45. Ra6+ Kb7 46. Rb6+ Kc7 47.
Kd5 Rc2 48. Rc6+ Kd7 49. Rd6+ Kc7 50. Re6 Rxc3 51. Re7+ Kd8 52. Rxe5 Kd7 53. Rh5 Rd3+ 54. Ke5 Kc6 55. Ke6 Rd8 56. Rd5 Re8+ 57. Kf5 Rf8+ 58.
Ke5 Rh8 59. Kd4 Rh6 60. Rf5 Rg6 61. Rf8 Rh6 62. Rb8 Kc7 63. Rb6 Rh1 64. Ra6 Rd1+ 65. Ke5 Kb7 66. Rd6 Rc1 67. Rd5 Kc6 68. Kf6 Rf1+ 69.
Rf5 Rh1 70. e5 Rh6+ 71. Kg7 Rh1 72. e6 Re1 73. Kf7 Rh1 74. e7 Rf1 75. Rxf1 1-0

[Event "Early-Titled-Tuesday-Blitz-June-18-2024"]
[Site "Chess.com"]
[Date "2024.06.18"]
[Round "4"]
[White "Ash15K"]
[Black "WiktoriaPOL"]
[Result "0-1"]
[WhiteElo "2298"]
[BlackElo "2408"]
[TimeControl "180+1"]
[EndTime "8:42:44 PDT"]
[Termination "WiktoriaPOL won by checkmate"]

1. e4 c5 2. c3 d5 3. exd5 Qxd5 4. d4 Nc6 5. Nf3 Bg4 6. Be2 cxd4 7. cxd4 e6 8. h3 Bxf3 9. Bxf3 Bb4+ 10. Nc3 Qc4 11. d5 Bxc3+ 12. bxc3 Qxc3+ 13. Bd2 Qe5+ 14. Kf1 exd5 15.
Rb1 Nge7 16. Rxb7 O-O 17. g3 Qd4 18. Kg2 Rfb8 19. Rd7 Rb2 20. Be1 Qxd1 21. Bxd1 Rxa2 22.
Bb3 Rb2 23. Bxd5 Nxd5 24. Rxd5 a5 25. Rc5 Nb4 26. Bc3 Nd3 27. Rf5 Rc2 28. Bd4 a4 29. Ra1 a3 30. Rb5 a2 31. Kf3 h6 32. Rb3 Nc5 33. Rb5 Ne6 34. Be3 Ra3 35. Rb8+ Kh7 36. Rb7 Rcc3 37. Rxf7 Rcb3 38. Rd7 Rb1 39. Rd1 Rxd1 40.
Rxd1 a1=Q 41. Rxa1 Rxa1 42. Ke4 Ra4+ 43. Kf3 Ng5+ 44.
Kg2 Ne6 45. Kf3 g5 46. g4 Kg6 47. Kg3 Nd4 48. Kg2 Ne6 49. Kg3 Nf4 50. Kh2 Ra1 51.
Bd4 Ra2 52. Be3 Kf6 53. Kg3 Ke5 54. h4 Ke4 55. hxg5 hxg5 56. Kh2 Nd5 57. Bb6 Nf4 58. Bc5 Nd3 59. Be3 Nxf2 60. Bxg5 Nxg4+ 61. Kg3 Ne5 62. Kh4 Nf3+ 63. Kh5 Nxg5 64. Kxg5 Ra5+ 65. Kg4 Ra8 66.
Kg5 Rf8 67. Kg6 Ke5 68. Kg7 Rf1 69. Kh8 Rg1 70. Kh7 Kf6 71. Kh6 Rh1# 0-1

[Event "Early-Titled-Tuesday-Blitz-June-18-2024"]
[Site "Chess.com"]
[Date "2024.06.18"]
[Round "4"]
[White "Bigfish1995"]
[Black "the_chess_child"]
[Result "1-0"]
[WhiteElo "3135"]
[BlackElo "2876"]
[TimeControl "180+1"]
[EndTime "8:42:46 PDT"]
[Termination "Bigfish1995 won by resignation"]

1. Nf3 Nf6 2. b3 g6 3. Bb2 Bg7 4. d4 O-O 5. Nbd2 c5 6. dxc5 Qa5 7. e3 Qxc5 8. Bd3 Nc6 9. O-O e5 10. c4 Re8 11. Ng5 d5 12. cxd5 Nxd5 13. Nde4 Qe7 14.
Bc4 Be6 15. Bxd5 Red8 16. Nxe6 fxe6 17. Ba3 Qxa3 18. Bxe6+ Kh8 19. Qg4 Qe7 20. Ng5 Rf8 21.
Bd5 Rf5 22. Ne6 Bf6 23. Rad1 Nb4 24. e4 Rh5 25. a3 Nxd5 26. exd5 Rh4 27. Qf3 e4 28. Qe3 Be5 29. g3 Rh5 30. b4 Bd6 31. Qxe4 Kg8 32. Rfe1 Re8 33. Qd4 Qf7 34. Re3 Rf5 35.
f4 Bc7 36. Nxc7 Rxe3 37. Qxe3 Qxc7 38. d6 Qd7 39. Qxa7 g5 40. fxg5 Rxg5 41. Qe3 Rg6 42. Qd4 Re6 43. Qd5 Kg7 44. Qg5+ Kh8 45. Qf4 h6 46. Rf1 Qxd6 47. Qxd6 Rxd6 48. Rf3 Kg7 49.
Kg2 Kg6 50. g4 b5 51. Kg3 Rd5 52. h4 Rd4 53. h5+ Kg7 54. Kh4 Rd5 55. Rf5 Rd3 56. Rxb5 Rxa3 57. Rb7+ Kf6 58. Rb6+ Kg7 59. g5 hxg5+ 60.
Kxg5 Rf3 61. h6+ Kh7 62. Rb7+ Kh8 63. b5 Rf8 64. b6 Rf3 65. Rc7 Rb3 66. b7 Kg8 67. Rc8+ Kh7 68. Rc7+ Kh8 69. Kf4 Rb5 70. Rc8+ Kh7 71. b8=Q Rb6 72. Qc7+ 1-0

[Event "Early-Titled-Tuesday-Blitz-June-18-2024"]
[Site "Chess.com"]
[Date "2024.06.18"]
[Round "4"]
[White "xasid81"]
[Black "FXDon77"]
[Result "1-0"]
[WhiteElo "2632"]
[BlackElo "2877"]
[TimeControl "180+1"]
[EndTime "8:42:46 PDT"]
[Termination "xasid81 won by checkmate"]

1. c4 e5 2. Nc3 Bb4 3. Qc2 Nf6 4.
Nf3 d6 5. e3 O-O 6. Be2 Bxc3 7.
Qxc3 e4 8. Nd4 Nbd7 9. d3 Ne5 10.
dxe4 Nxe4 11. Qc2 f5 12. O-O Qe7 13. b3 b6 14. Bb2 Bb7 15. f3 c5 16. Nxf5 Rxf5 17.
fxe4 Rxf1+ 18. Rxf1 Qg5 19. Rf4 Ng6 20. Rf3 Re8 21.
Qc3 Ne5 22. Rg3 Qe7 23. Qc2 Ng6 24. Bf3 Bxe4 25. Bxe4 Qxe4 26. Qxe4 Rxe4 27. Kf2 Re7 28. Rg5 Kf7 29. Rd5 Ke6 30. g3 b5 31. e4 bxc4 32.
bxc4 Rb7 33. Bc3 Rf7+ 34. Ke2 Ne7 35. Rd1 Nc6 36. Rd5 g6 37. h4 a6 38. h5 Rb7 39.
hxg6 hxg6 40. e5 Nxe5 41. Bxe5 dxe5 42. Rxc5 Rb2+ 43. Kf3 Rxa2 44. Rc6+ Kf5 45. g4+ Kg5 46. Re6 Ra5 47. Ke4 Kxg4 48. Rxg6+ Kh3 49. Rc6 Kg4 50. c5 Kg5 51. Kxe5 Ra1 52. Rb6 a5 53. c6 a4 54. c7 Rc1 55. Kd6 a3 56. Ra6 Kf6 57.
Ra8 a2 58. Rxa2 Rd1+ 59. Kc6 Ke7 60. Kb7 Rc1 61. Kc8 Rc6 62. Re2+ Kd6 63. Kd8 Rxc7 64. Rd2+ Ke6 65. Kxc7 Ke5 66. Rd6 Ke4 67. Kc6 Ke5 68. Kc5 Ke4 69. Rd5 Kf4 70. Kd4 Kg4 71. Re5 Kg3 72.
Ke3 Kg2 73. Rg5+ Kf1 74. Rg6 Ke1 75. Rg1# 1-0

[Event "Early-Titled-Tuesday-Blitz-June-18-2024"]
[Site "Chess.com"]
[Date "2024.06.18"]
[Round "4"]
[White "KuzubovYuriy"]
[Black "Vesper2018"]
[Result "1-0"]
[WhiteElo "2869"]
[BlackElo "2607"]
[TimeControl "180+1"]
[EndTime "8:42:51 PDT"]
[Termination "KuzubovYuriy won by checkmate"]

1. d4 Nf6 2. c4 g6 3. Nc3 Bg7 4.
e4 d6 5. Nge2 O-O 6. Ng3 e5 7.
d5 h5 8. Bg5 a5 9. Be2 Qe8 10. h4 Na6 11. Qd2 Nc5 12. f3 Bd7 13.
O-O-O a4 14. Kb1 Nh7 15. Be3 b6 16. Rde1 f5 17. Bf2 Nf6 18. Bd3 f4 19. Nf1 Kh7 20. Be2 Bh6 21. Qc2 c6 22. dxc6 Bxc6 23. Nd2 Ne6 24. Bd3 Nc5 25. Rd1 a3 26. b3 Na6 27. Ka1 Nb4 28. Qb1 Nd7 29. Rc1 Nc5 30.
Be2 Bg7 31. Rhd1 Qe7 32. Be1 Ne6 33. Bf1 Nd4 34. Bf2 Bf6 35. Ne2 Bd7 36. Nxd4 exd4 37.
Bd3 Be5 38. Rh1 Rg8 39. Rcd1 Qf6 40. Nf1 g5 41. Qc1 g4 42. Qd2 Nc6 43. Kb1 gxf3 44. gxf3 Rg2 45. Qe1 Rag8 46. Nh2 Qe7 47. Bf1 R2g7 48.
Bd3 Rg2 49. Qd2 Qf6 50. Rdf1 Kh8 51. Qe1 Qe7 52. Rfg1 Bf6 53. Rxg2 Rxg2 54. Nf1 Ne5 55. Kc2 Nxd3 56. Kxd3 b5 57. Nd2 bxc4+ 58. Nxc4 Bb5 59.
Rg1 Rg8 60. Rxg8+ Kxg8 61. Qg1+ Kh7 62. Bxd4 d5 63. exd5 Bxh4 64. Bc3 Qf7 65. Qd4 Qg6+ 66. Kd2 Qg2+ 67. Kc1 Qf1+ 68. Kc2 Qe2+ 69. Nd2 Kg6 70. Qg7+ Kf5 71. Qf7+ Kg5 72. Qf6# 1-0

[Event "Early-Titled-Tuesday-Blitz-June-18-2024"]
[Site "Chess.com"]
[Date "2024.06.18"]
[Round "4"]
[White "Juicy_Fork"]
[Black "profedechess93"]
[Result "1-0"]
[WhiteElo "2426"]
[BlackElo "2592"]
[TimeControl "180+1"]
[EndTime "8:42:52 PDT"]
[Termination "Juicy_Fork won by checkmate"]

1. e4 e6 2. d4 d5 3. Bd3 dxe4 4. Bxe4 Nf6 5. Bf3 Nbd7 6. Ne2 e5 7. Nbc3 Bd6 8. O-O O-O 9. Bg5 h6 10. Bxf6 Nxf6 11. d5 Bf5 12. Ng3 Bh7 13. Nce4 Nxe4 14. Nxe4 f5 15. Nxd6 Qxd6 16. Be2 Rad8 17. Bc4 e4 18. Qd4 f4 19. Rfe1 b6 20. Rad1 Kh8 21. f3 exf3 22. Re6 Qc5 23. Qxc5 bxc5 24. gxf3 Bxc2 25.
Rd2 Bf5 26. Rc6 Rd7 27. Rxc5 Rfd8 28. d6 g6 29. dxc7 Rxd2 30. cxd8=Q+ Rxd8 31. Bd5 Re8 32. Kf2 Rd8 33. b4 Kg7 34. a4 Kf6 35. a5 Ke7 36. Rb5 Kd6 37. Bb3 Rc8 38. Rd5+ Ke7 39. Re5+ Kf6 40. Rc5 Rd8 41. Bd5 Rb8 42. b5 Ke5 43. Ba2+ Kd4 44. Rd5+ Kc3 45. a6 Rc8 46. Re5 Kb2 47. Bf7 Rc2+ 48. Kf1 Bd3+ 49. Kg1 Rc1+ 50. Kg2 Bf1+ 51. Kf2 Bd3 52. Rd5 Rc2+ 53. Kg1 Bc4 54. Rd7 Rc1+ 55. Kg2 Rc2+ 56. Kg1 Be2 57. Rxa7 Bxf3 58.
b6 Rg2+ 59. Kf1 Rxh2 60. b7 Kc3 61. b8=Q Be4 62. Qc7+ Kd2 63. Qd6+ Bd3+ 64. Kg1 Re2 65. Qb4+ Kd1 66. Bb3+ Kc1 67. Rc7+ Bc2 68. Rxc2+ Kb1 69. Ba4+ Ka1 70. Qb2# 1-0

[Event "Early-Titled-Tuesday-Blitz-June-18-2024"]
[Site "Chess.com"]
[Date "2024.06.18"]
[Round "4"]
[White "KoshkaMatrioshka"]
[Black "H3nriqueTV"]
[Result "1/2-1/2"]
[WhiteElo "2593"]
[BlackElo "2379"]
[TimeControl "180+1"]
[EndTime "8:42:54 PDT"]
[Termination "Game drawn - insufficient material"]

1. Nf3 d5 2. b3 c6 3. Bb2 Nf6 4.
g3 Bf5 5. Bg2 e6 6. O-O a5 7. a4 h6 8. d3 Nbd7 9. Nbd2 Ke7 10. Re1 Ke8 11. e4 dxe4 12. dxe4 Bg6 13. Nh4 Bh7 14. Nc4 Nc5 15. Qe2 Qc7 16. Be5 Qc8 17.
Nb6 Qd8 18. Nxa8 Qxa8 19. Bxf6 gxf6 20. e5 f5 21. Rad1 Be7 22. Qe3 Ne4 23. Qxh6 Bf8 24.
Qf4 Be7 25. Nf3 Qa7 26. Rf1 Bc5 27. Ne1 Bg6 28. Nd3 Bd4 29. c3 Nxc3 30. Kh1 Nxd1 31. Rxd1 Bc5 32. h4 Be7 33. Bf3 Qb6 34. Kg2 Qxb3 35. Qd4 Kf8 36. Nf4 Kg7 37. h5 Rd8 38. h6+ Kxh6 39. Rh1+ Kg7 40. Qa1 Bg5 41. Nxg6 fxg6 42. Qf1 Rd3 43. Be2 Rd2 44. Bf3 Rd3 45. Be2 Qd5+ 46. Kg1 Rd2 47. Rh2 Qe4 48. Bc4 Qc2 49. Kg2 Be3 50. Kh3 Bxf2 51. Be2 Be3 52. Rg2 Bd4 53. Kh2 Qe4 54. g4 Be3 55. gxf5 exf5 56. Qf3 Bf4+ 57. Kh3 Qxf3+ 58. Bxf3 Bxe5 59.
Rxd2 Kf6 60. Rd7 g5 61. Rxb7 g4+ 62. Bxg4 fxg4+ 63. Kxg4 Bc3 64. Rc7 Bb4 65. Rxc6+ Ke5 66. Kf3 Kd5 67. Rc2 Bc5 68. Ke2 Kd4 69. Rb2 Kc4 70.
Rb5 Bb4 71. Kd1 Kb3 72. Rb8 Kxa4 73. Kc2 Ka3 74. Rc8 Ka4 75. Rg8 Kb5 76. Rg3 Kc4 77.
Rg4+ Kb5 78. Kb3 Bc5 79. Rg5 a4+ 80. Kc3 a3 81. Kb3 Kc6 82. Kc4 Bd6 83. Rg6 a2 84. Rg1 Be5 85. Kb3 a1=Q 86. Rxa1 Bxa1 1/2-1/2

[Event "Early-Titled-Tuesday-Blitz-June-18-2024"]
[Site "Chess.com"]
[Date "2024.06.18"]
[Round "4"]
[White "ArtemDyachuk"]
[Black "Zhigalko_Sergei"]
[Result "1/2-1/2"]
[WhiteElo "2637"]
[BlackElo "2988"]
[TimeControl "180+1"]
[EndTime "8:42:56 PDT"]
[Termination "Game drawn - insufficient material"]

1. e4 c5 2. Nf3 d6 3. d4 cxd4 4. Nxd4 Nf6 5. Nc3 a6 6. Bc4 e6 7. Bb3 Nbd7 8. f3 Nc5 9. Be3 b5 10. Qe2 Bd7 11. a3 Rb8 12. O-O Qc7 13. Bf2 Be7 14. f4 h6 15. Bh4 Qb6 16. Rad1 Nxb3 17. cxb3 e5 18. Bxf6 Bxf6 19. Nd5 Qa7 20. fxe5 dxe5 21.
Rxf6 exd4 22. Rf2 O-O 23. Ne7+ Kh7 24. Qd3 Rbe8 25. Nd5 Bg4 26. Qxd4 Qxd4 27. Rxd4 Re5 28. h3 Be6 29. b4 Rc8 30. Nc3 Bc4 31. Rd6 Ra8 32.
Rd7 Kg8 33. Nd5 Bxd5 34. exd5 Re1+ 35. Kh2 Rd1 36. Rfxf7 Kh8 37. Rxg7 Rxd5 38. Rh7+ Kg8 39. Rhg7+ Kh8 40. Rh7+ Kg8 41. Rxd5 Kxh7 42. Rd6 Kg7 43. g4 a5 44. bxa5 Rc8 45. a6 Rc2+ 46. Kg3 Rxb2 47.
a7 Rb3+ 48. Kh4 Rxa3 49. Rd7+ Kg6 50. Rb7 b4 51. Rb6+ Kg7 52. Rb7+ Kg6 53. Rb6+ Kg7 54. Rxb4 Rxa7 55. Rf4 Kg6 56. Rd4 Ra6 57. Rd5 Rb6 58. Kg3 Rb3+ 59. Kh4 Rb6 60. Rd2 Ra6 61. Rf2 Rb6 62. Rf3 Ra6 63. Kg3 h5 64. Rf4 Ra3+ 65.
Kh4 hxg4 66. hxg4 Ra6 67. Rb4 Rc6 68. g5 Rd6 69. Kg4 Rc6 70. Re4 Rb6 71. Kf4 Ra6 72.
Rd4 Rb6 73. Kg4 Ra6 74. Kh4 Rb6 75. Rf4 Ra6 76. Rg4 Rb6 77. Rd4 Ra6 78. Rf4 Rb6 79. Rf6+ Rxf6 80. gxf6 Kxf6 1/2-1/2

[Event "Early-Titled-Tuesday-Blitz-June-18-2024"]
[Site "Chess.com"]
[Date "2024.06.18"]
[Round "4"]
[White "Andrei_Skvortsov"]
[Black "EdenDzung06"]
[Result "1-0"]
[WhiteElo "2789"]
[BlackElo "2433"]
[TimeControl "180+1"]
[EndTime "8:42:59 PDT"]
[Termination "Andrei_Skvortsov won by checkmate"]

1. e4 c6 2. e5 d5 3. exd6 exd6 4.
d4 Nf6 5. Nf3 Bg4 6. h3 Bh5 7.
Bd3 Be7 8. c4 d5 9. c5 O-O 10.
Be3 b6 11. cxb6 Qxb6 12. Qc2 Bg6 13. Bxg6 hxg6 14. Nc3 c5 15. Na4 Qb4+ 16. Bd2 Qb5 17. Nxc5 Re8 18. Be3 Nc6 19. Nd3 Nb4 20. Nxb4 Bxb4+ 21. Kd1 Rac8 22. Qb3 Ne4 23. Ne5 f6 24. a4 Qa5 25.
Nd3 Bd6 26. Rc1 Rb8 27. Qc2 Kh7 28. Ke2 f5 29. Kf3 Nf6 30. g3 Re4 31. Kg2 Rbe8 32. Rhe1 Nh5 33. Bd2 Qd8 34. Nc5 Bxc5 35. dxc5 d4 36. Qd3 Qd5 37. f3 Rxe1 38. Rxe1 Rxe1 39. Bxe1 Qxc5 40. Bf2 Nf6 41. Qxd4 Qc2 42. b4 f4 43.
Qxf4 Nh5 44. Qd4 Qxa4 45. g4 Nf6 46. h4 Kh6 47. g5+ Kh5 48. gxf6 gxf6 49. Qg4+ Kh6 50.
Qf4+ Kg7 51. Qc7+ Kh6 52. Qxa7 Qxb4 53. Qd4 Qxd4 54. Bxd4 g5 55. hxg5+ Kxg5 56. Kg3 f5 57. f4+ Kg6 58. Kh3 Kf7 59. Kh4 Kg6 60. Be3 Kh6 61.
Bc5 Kg6 62. Bf8 Kf7 63. Bb4 Kg6 64. Kg3 Kh5 65. Kf3 Kh4 66. Ke3 Kg3 67. Bd6 Kg4 68.
Be5 Kh5 69. Kd4 Kg6 70. Kd5 Kf7 71. Kd6 Kf8 72. Ke6 Ke8 73. Kxf5 Kf8 74. Ke4 Kf7 75. Bd4 Ke6 76. Be3 Kd6 77. f5 Ke7 78. Ke5 Kf7 79. f6 Kg6 80. Ke6 Kh7 81. f7 Kg7 82. Ke7 Kh7 83. Bc1 Kh8 84. Ba3 Kh7 85. f8=Q Kg6 86.
Qf6+ Kh5 87. Qg7 Kh4 88. Kf6 Kh3 89. Kf5 Kh2 90. Kf4 Kh3 91. Qg3# 1-0

[Event "Early-Titled-Tuesday-Blitz-June-18-2024"]
[Site "Chess.com"]
[Date "2024.06.18"]
[Round "4"]
[White "cochess777"]
[Black "chess_peak"]
[Result "0-1"]
[WhiteElo "2320"]
[BlackElo "2520"]
[TimeControl "180+1"]
[EndTime "8:43:01 PDT"]
[Termination "chess_peak won by resignation"]

1. e4 c5 2. d4 cxd4 3. c3 Nf6 4. e5 Nd5 5. Nf3 d6 6. exd6 e6 7. cxd4 Bxd6 8. Bd3 Nc6 9. O-O O-O 10. a3 h6 11. Qe2 Bd7 12. Bd2 Rc8 13. Nc3 Nxc3 14. Bxc3 b6 15. Qe4 f5 16. Qe2 Ne7 17. Ba6 Rc7 18. Bc4 Nd5 19. Ne5 Bxe5 20. Bxd5 Bxh2+ 21. Kxh2 exd5 22. Qe5 Bc6 23. Rfe1 Rcf7 24. Qf4 Re8 25.
Rxe8+ Qxe8 26. Re1 Qd8 27. Bb4 Kh7 28. Re6 Bb7 29.
Qe5 Qh4+ 30. Kg1 Qe4 31. Qd6 Qxd4 32. Re8 Qd1+ 33. Kh2 Qh5+ 34. Kg1 Qd1+ 35. Kh2 d4 36. Qd8 Qh5+ 37. Kg1 Qd1+ 38. Kh2 Qg4 39. Rh8+ Kg6 40.
f3 Qh4+ 41. Kg1 Qg3 42. Qd6+ Qxd6 43. Bxd6 Rd7 44. Bf4 d3 45. Bd2 Re7 46. Rd8 Ba6 47.
Bc3 Bb5 48. Rd6+ Kf7 49. b3 Re2 50. a4 Rc2 51. Bxg7 d2 52. Kh2 Bxa4 53. Rd7+ Kg6 54.
bxa4 d1=Q 55. Rxd1 Kxg7 56. Ra1 Rc5 57. Ra3 Ra5 58.
Kg3 Kf6 59. Kf4 Rc5 60. Rd3 Rc4+ 61. Kg3 Rxa4 62. Rd7 Kg5 63. Rg7+ Kf6 64. Rh7 Kg6 65.
Rd7 Kf6 66. Rd6+ Ke5 67. Rxh6 b5 68. Rh8 b4 69. Re8+ Kd4 70. Kf4 a5 71. Kxf5 b3 72. Re4+ Kc3 73. Rxa4 b2 74. Rxa5 b1=Q+ 75. Kf4 Qc1+ 76.
Kg3 Qe1+ 77. Kg4 Kd4 78. Rf5 Qf2 79. Kg5 Qxg2+ 80. Kf6 Ke3 81. Re5+ Kxf3 82. Rf5+ Ke4 83. Ke6 Kd4 84. Re5 Qc6+ 85. Kf5 Qd7+ 86. Kf4 Qd6 0-1

[Event "Early-Titled-Tuesday-Blitz-June-18-2024"]
[Site "Chess.com"]
[Date "2024.06.18"]
[Round "4"]
[White "arctic_t00"]
[Black "palombie"]
[Result "1-0"]
[WhiteElo "2732"]
[BlackElo "2532"]
[TimeControl "180+1"]
[EndTime "8:43:05 PDT"]
[Termination "arctic_t00 won by resignation"]

1. d4 d5 2. Nf3 Nf6 3. Bf4 c5 4.
e3 cxd4 5. exd4 Nc6 6. c3 Bf5 7. Nbd2 e6 8. Bb5 Bd6 9. Bg3 O-O 10. O-O Ne7 11. Ne5 h6 12. a4 a6 13. Be2 Ne4 14.
Nxe4 Bxe4 15. Bd3 Bxd3 16. Qxd3 Nf5 17. Rfe1 Nxg3 18. hxg3 Bxe5 19. Rxe5 b5 20. axb5 axb5 21. Rae1 b4 22. cxb4 Qb6 23. g4 Qxb4 24. g5 hxg5 25. R1e2 Ra4 26. Rxg5 Qxd4 27. Qg3 Rc8 28. Re1 Qxb2 29.
Ree5 Qc1+ 30. Kh2 Kf8 31. Re3 Ra1 32. Qd6+ Kg8 33. Rxg7+ Kxg7 34. Qe5+ Kf8 35. Qh8+ Ke7 36. Qh4+ Kd7 37. Qf6 Qe1 38. Rxe1 Rxe1 39. Qxf7+ Kd6 40. Qf4+ Re5 41. g4 Rc4 42. Qh6 Rxg4 43. Qf8+ Kc6 44. Qc8+ Kd6 45. Qb8+ Kc6 46. Qxe5 Re4 47. Qg7 Kd6 48.
f4 Rxf4 49. Qg3 Ke5 50. Kh3 Ke4 51. Qg6+ Rf5 52. Qxe6+ Re5 53. Qg4+ Kd3 54. Qg7 Re3+ 55. Kg2 d4 56. Kf2 Re2+ 57. Kf1 Re3 58. Qg6+ Kd2 59. Qd6 Re1+ 60. Kf2 Re2+ 61. Kf3 Re3+ 62. Kf4 Kd3 63. Qc5 Re4+ 64. Kf5 Re3 65. Qb5+ Kd2 66. Qb4+ Kd3 67.
Qb3+ Kd2 68. Qb2+ Kd3 69. Qb5+ Kc3 70. Kf4 Kd2 71. Qc4 Rd3 72. Ke4 Rc3 73. Qxd4+ Kc2 74. Qb6 Rb3 75. Qf2+ Kb1 76. Kd4 Rb2 77. Qf5+ Ka2 78.
Kc3 Rb3+ 79. Kc4 Ka1 80. Qf1+ Ka2 81. Qe2+ Rb2 82. Qe6 Kb1 83. Kc3 Rc2+ 84. Kb3 Rb2+ 85. Ka3 Rc2 86. Qe4 Ka1 87. Qe1+ 1-0

[Event "Early-Titled-Tuesday-Blitz-June-18-2024"]
[Site "Chess.com"]
[Date "2024.06.18"]
[Round "4"]
[White "LangesNasenhaar"]
[Black "AljoschaFeuerstack"]
[Result "1/2-1/2"]
[WhiteElo "2500"]
[BlackElo "2667"]
[TimeControl "180+1"]
[EndTime "8:43:06 PDT"]
[Termination "Game drawn - timeout vs insufficient material"]

1. Nf3 d5 2. e3 Nf6 3. c4 c6 4. b3 g6 5. Bb2 Bg7 6. Be2 O-O 7. O-O a6 8. Nc3 b5 9. d3 Bg4 10. h3 Bxf3 11. Bxf3 e6 12. Qc2 Nbd7 13. Rac1 Qe7 14. a4 Rfc8 15. cxd5 cxd5 16. Qb1 Qb4 17.
Ba1 Nc5 18. Bd1 bxa4 19. bxa4 Qxb1 20. Rxb1 Nxd3 21. Be2 Nc5 22. Rfc1 Nfd7 23. Bb2 Rab8 24. Ba3 Rxb1 25. Nxb1 Rb8 26. Nc3 Rb3 27. Bxc5 Nxc5 28. Nxd5 Nxa4 29. Rc8+ Bf8 30. Nf6+ Kg7 31. Ne8+ Kg8 32. Bxa6 Nb6 33. Rb8 Rb1+ 34. Kh2 Rb2 35. Kg3 Nc4 36. Rxb2 Nxb2 37. Nf6+ Kg7 38. Nd7 Bd6+ 39.
f4 Nd1 40. Kf3 Nc3 41. Bd3 Nd5 42. g3 Nb4 43. Bc4 h5 44. Nb6 Bc5 45. Na4 Ba7 46. Nb2 Nc2 47. Nd3 Nxe3 48. Bb5 Nf5 49. Ne5 Nd4+ 50.
Ke4 Nxb5 51. Nd3 Nd6+ 52. Kf3 Kf6 53. Ne5 Nf5 54. Nd7+ Ke7 55. Ne5 Bd4 56. Nc6+ Kd6 57. Nd8 Ke7 58. Nc6+ Kf6 59. g4 hxg4+ 60. hxg4 Bc5 61.
gxf5 Kxf5 62. Na5 Bd6 63. Nb3 Bxf4 64. Nd4+ Kg5 65. Nc6 Bd6 66. Nd4 Kf6 67. Ke4 Bf8 68. Nb5 Bg7 69. Nc7 Ke7 70. Nb5 f5+ 71. Kf4 Kf6 72.
Nd6 g5+ 73. Kf3 e5 74. Ne8+ Kg6 75. Nd6 g4+ 76. Kg3 e4 77. Kf4 Bh6+ 78. Kg3 Kg5 79.
Nf7+ Kg6 80. Nd6 Bg7 81. Kf4 g3 82. Nxf5 Bh6+ 83. Kxe4 1/2-1/2

[Event "Early-Titled-Tuesday-Blitz-June-18-2024"]
[Site "Chess.com"]
[Date "2024.06.18"]
[Round "4"]
[White "Schattman"]
[Black "DinaBelenkaya"]
[Result "0-1"]
[WhiteElo "2501"]
[BlackElo "2335"]
[TimeControl "180+1"]
[EndTime "8:43:09 PDT"]
[Termination "DinaBelenkaya won by resignation"]

1. b3 d5 2. Nf3 Nf6 3. Bb2 g6 4. c4 c6 5. g3 Bg7 6. Bg2 O-O 7.
O-O Re8 8. d3 a5 9. Nc3 e5 10.
cxd5 cxd5 11. Rc1 Nc6 12. Na4 Nd7 13. e4 d4 14. Ba3 Nb4 15. Qd2 Bf8 16. Bxb4 Bxb4 17.
Qh6 Bf8 18. Qd2 b5 19. Nb2 Ba3 20. h4 h5 21. Rc2 Kg7 22. Bh3 Bb4 23. Qc1 Nb6 24.
Bxc8 Rxc8 25. Nd1 Qd6 26. Ng5 Rxc2 27. Qxc2 Rc8 28. Qe2 Bc3 29. f4 exf4 30. gxf4 f6 31. Nh3 Re8 32. Qf2 Kh8 33. Kh1 Nd7 34. Rg1 Rg8 35.
f5 Ne5 36. fxg6 Ng4 37. Qg3 Qxg3 38. Rxg3 Rxg6 39. Nf4 Nf2+ 40. Nxf2 Rxg3 41. Nxh5 Re3 42. Nxf6 Rf3 43. N6g4 Be1 44. Kg2 Rf4 45. Kg3 Rxg4+ 46. Kxg4 Bxf2 47. h5 Kg7 48. Kf5 Bg3 49. Ke6 Kh6 50. Kd5 Bf2 51. a4 bxa4 52. bxa4 Kxh5 53. e5 Kg6 54. Kd6 Kf7 55. Kd7 Bh4 56. Kd6 Bd8 57. Kd5 Bb6 58. Kc6 Bd8 59. Kd6 Ke8 60. e6 Bf6 61. Kc6 Bh4 62. Kd5 Bf2 63. Kd6 Kd8 64. Kc6 Be1 65. Kb5 Bb4 66. Kc4 Bc3 67. Kd5 Ke7 68. Ke5 Ke8 69. Kd5 Ke7 70. Ke5 Bb2 71.
Kd5 Kf6 72. Kd6 Ba3+ 73. Kd7 Bc5 74. Kc6 Bb4 75. Kd5 Bc3 76. Kd6 Bb4+ 77. Kd5 Bc3 78. Kd6 Bb2 79. Kd7 Ba3 80. Kc6 Kxe6 81. Kb5 Bb4 82. Kc4 Bc3 83. Kb5 Kd5 84. Kb6 Kd6 85.
Kb5 Ke5 86. Kc4 Kf4 87. Kb5 Ke3 88. Kc4 Kd2 0-1